 Dungeon Crawl Stone Soup version 0.28-a0-1117-g0bdd5ba030 (webtiles) character file.

Game seed: 7266934160188884507

21513 miscthings the Prestidigitator (level 12, -5/90 (102) HPs)
             Began as a Gnoll Artificer on Dec 12, 2021.
             Was the Champion of Okawaru.
             Slain by a spectral orc knight (7 damage)
             ... summoned by Nergalle
             ... on level 2 of the Lair of Beasts.
             The game lasted 00:32:29 (14878 turns).

miscthings the Prestidigitator (Gnoll Artificer)   Turns: 14878, Time: 00:32:30

HP:   -5/90 (102)   AC: 14    Str: 15    XL:     12   Next: 90%
MP:   0/23          EV: 15    Int: 11    God:    Okawaru [******]
Gold: 636           SH:  8    Dex: 14    Spells: 19/26 levels left

rFire   . . .      SeeInvis .   g - +2 dagger (elec)
rCold   . . .      Faith    .   C - +2 buckler
rNeg    + + .      Spirit   +   n - +2 robe {rN+}
rPois   .          Reflect  .   J - +2 hat
rElec   .          Harm     .   X - +0 cloak
rCorr   .          Rampage  .   (no gloves)
Will    .....                   a - +0 pair of boots
Stlth   ++++......              l - amulet of guardian spirit
HPRegen 0.25/turn               k - ring of positive energy
MPRegen 0.18/turn               G - +4 ring of protection

@: heavily drained
A: fangs 1, strong nose, distributed training, talons 1, robust 1, shaggy fur 1
a: Renounce Religion, Heroism, Finesse, Duel


You were on level 2 of the Lair of Beasts.
You worshipped Okawaru.
Okawaru was exalted by your worship.
You visited 3 branches of the dungeon, and saw 13 of its levels.
You also visited: Sewer.

You collected 741 gold pieces.
You spent 105 gold pieces at shops.

Inventory:

Hand Weapons
 g - a +2 dagger of electrocution (weapon)
 h - the +5 whip "Ereixokki" {vorpal, Int+6}
   (You took it off an orc on level 7 of the Dungeon)

   It inflicts extra damage upon your enemies.
   Int:       It affects your intelligence (+6).
 B - a +3 demon trident
 Z - the +9 broad axe of Woe {antimagic, Str+2}
   (Okawaru gifted it to you on level 1 of the Lair of Beasts)

   It reduces the magical energy of the wielder, and disrupts the spells and
   magical abilities of those it strikes.
   Natural abilities and divine invocations are not affected.
   Str:       It affects your strength (+2).
Missiles
 f - 51 poisoned darts (quivered)
Armour
 a - a +0 pair of boots (worn)
 n - a +2 robe of positive energy (worn)
 C - a +2 buckler (worn)
 J - a +2 hat (worn)
 O - +0 steam dragon scales
 U - the +4 ring mail of Diroam {SInv}
   (You found it on level 9 of the Dungeon)

   SInv:      It lets you see invisible.
 V - a +4 chain mail of fire resistance
 X - a +0 cloak (worn)
Magical Staves
 T - a staff of fire
Jewellery
 k - a ring of positive energy (left hand)
 l - an amulet of guardian spirit (around neck)
 o - a ring of see invisible
 y - a ring of protection from fire
 G - a +4 ring of protection (right hand)
Wands
 c - a wand of flame (46)
 d - a wand of charming (14)
 p - a wand of polymorph (10)
 r - a wand of mindburst (3)
 v - a wand of iceblast (4)
 R - a wand of acid (1)
Scrolls
 b - a scroll of enchant weapon
 j - 3 scrolls of magic mapping
 m - 3 scrolls of teleportation
 q - a scroll of enchant armour {unknown}
 E - a scroll of fog
 F - 2 scrolls of blinking
 H - 2 scrolls of vulnerability
 K - a scroll of summoning {unknown}
 L - a scroll of immolation
 M - a scroll of brand weapon {unknown}
 Q - a scroll of amnesia {unknown}
 W - a scroll of acquirement {unknown}
Potions
 i - 3 potions of brilliance
 t - 5 potions of flight
 u - a potion of magic
 x - 4 potions of might
 A - a potion of curing
 D - a potion of resistance
 I - a potion of lignification {unknown}
 N - a potion of attraction {unknown}
 P - 2 potions of mutation
 Y - a potion of berserk rage {unknown}
Miscellaneous
 e - a piece from Xom's chessboard (8/15)


   Skills:
 + Level 8.2 Fighting
 + Level 7.7 Short Blades
 + Level 7.7 Long Blades
 + Level 7.7 Axes
 + Level 7.7 Maces & Flails
 + Level 7.7 Polearms
 + Level 7.7 Staves
 + Level 7.7 Slings
 + Level 7.7 Bows
 + Level 7.7 Crossbows
 + Level 7.7 Throwing
 + Level 9.1 Armour
 + Level 8.2 Dodging
 + Level 8.1 Stealth
 + Level 7.7 Shields
 + Level 7.7 Unarmed Combat
 + Level 7.7 Spellcasting
 + Level 6.4 Conjurations
 + Level 6.4 Hexes
 + Level 6.4 Summonings
 + Level 6.4 Necromancy
 + Level 6.4 Translocations
 + Level 6.4 Transmutations
 + Level 6.4 Fire Magic
 + Level 6.4 Ice Magic
 + Level 6.4 Air Magic
 + Level 6.4 Earth Magic
 + Level 6.4 Poison Magic
 + Level 8.4 Invocations
 + Level 10.2 Evocations


You had 19 spell levels left.
You knew the following spells:

 Your Spells              Type           Power      Damage    Failure   Level
a - Ozocubu's Armour      Ice            18%        N/A       3%          3
b - Cause Fear            Hex            9%         N/A       12%         4

Your spell library contained the following spells:

 Spells                   Type           Power      Damage    Failure   Level
 Shock                    Conj/Air       72%        1d7       1%          1
 Inner Flame              Hex/Fire       18%        N/A       3%          3
 Swiftness                Air            18%        N/A       3%          3
 Airstrike                Air            9%         N/A       12%         4
 Ozocubu's Refrigeration  Ice            9%         4d6       100%        7
 Discord                  Hex            9%         N/A       100%        8


Dungeon Overview and Level Annotations

Branches:
Dungeon (9/15)             Temple (1/1) D:5            Lair (3/6) D:9
  Snake (0/4) Lair:3        Sewer (visited)
  Swamp: Lair:2-4    Shoals: Lair:2-4       Orc: D:9-12

Altars:
Ashenzari
Elyvilon
Fedhas
Hepliaklqana
Makhleb
Nemelex Xobeh
Okawaru
Ru
Sif Muna
Trog
Vehumet
Xom

Shops:
D:5 ?

Annotations:
D:2 Robin
D:9 2 runed translucent doors
Lair:2 Nergalle


Innate Abilities, Weirdness & Mutations

You have very sharp teeth.
Your uncanny sense of smell can sniff out nearby items.
Your experience applies equally to all skills.
You have sharp toenails.
You are robust. (+10% HP)
You are covered in fur. (AC +1)


Message History

The spectral orc misses you. Nergalle misses you.
The spectral orc warrior hits you with a +0 war axe!
* * * LOW HITPOINT WARNING * * *
You partially resist.
You feel drained.
The spectral orc knight hits you from afar with a +3 halberd.
* * * LOW HITPOINT WARNING * * *
You partially resist.
You feel drained.
Okay, then.
The spectral orc knight hits you from afar with a +3 halberd!
* * * LOW HITPOINT WARNING * * *
The spectral orc closely misses you.
Okay, then.
You feel much better.
The spectral orc knight hits you from afar with a +3 halberd!
* * * LOW HITPOINT WARNING * * *
The spectral orc hits you but does no damage. x2
The spectral orc knight closely misses you.
Aiming: Corrosive Bolt
Press: ? - help, Shift-Dir - straight line, f/p - Nergalle
Aim: Nergalle, wielding a +0 dagger and wearing a +2 robe of willpower (moderately wounded, 73% to hit)
The bolt of acid hits Nergalle!!
The acid corrodes Nergalle!
Nergalle is severely wounded.
The bolt of acid hits the spectral orc knight!
The acid corrodes the spectral orc knight!
The spectral orc knight is moderately damaged.
You block the spectral orc knight's attack.
Nergalle gestures at you while chanting.
Orcish apparitions take form around you.
You block the spectral orc's attack. The spectral orc barely misses you.
Aiming: Mindburst
Press: ? - help, Shift-Dir - straight line, f/p - Nergalle
Aim: Nergalle, wielding a +0 dagger and wearing a +2 robe of willpower (severely wounded, covered in acid, chance to affect: 31%) Nergalle easily resists.
The spectral orc knight hits you from afar with a +3 halberd!!
* * * LOW HITPOINT WARNING * * *
Nergalle grimaces horribly.
Nergalle hits you but does no damage. You block the spectral orc's attack.
The spectral orc hits you but does no damage.
The spectral orc knight hits you from afar with a +3 halberd!
You die...

....###...⌠......................
....#.##......#..................
....#..##.........#.##.......##..
.>......##....#########....#####.
....P..####...# #.....# #P.
............#.# ####....# ##.
............### #.##....# #..
...##.##....#.#######......# #P.
...#..........ZZ@..........## ##.
#..+......#...ZoZ...........# #..
##........#.).Z....#.##....## ##.
#.#...................#...# ##>
##.#....##.....#.......#...####..
..(........^...#.............#.P.
.................##....#........P
..........÷(.....................
.#.##.###..#####.#.##.#.#..P..###


You could see Nergalle (corroded), 2 spectral orcs, a spectral orc warrior
(summoned), a spectral orc knight (summoned, fast, corroded) and a spectral orc
warlord (summoned).

Vanquished Creatures
  3 hydras (Lair:2)
  2 centaur warriors (D:9)
  2 two-headed ogres
  Pikel (D:6)
  A cyclops (D:9)
  2 cane toads (Lair:1)
  4 komodo dragons
  A tengu conjurer (D:9)
  A troll (D:8)
  9 blink frogs
  A spriggan (D:7)
  A vampire (D:9)
  2 shadows (D:9)
  2 wyverns
  A basilisk (Lair:2)
  A redback (Lair:1)
  32 yaks
  A wraith (D:9)
  Grum (D:8)
  A steam dragon (D:8)
  2 vampire mosquitoes (D:8)
  3 acid dragons (D:9)
  14 water moccasins
  2 orc warriors (D:9)
  4 black bears
  An ice beast (D:5)
  3 sky beasts
  An ogre (D:6)
  5 centaurs
  11 wolves
  2 lemures (D:6)
  A kobold brigand (D:9)
  7 bullfrogs
  A gnoll sergeant (D:4)
  2 scorpions
  4 killer bees (D:7)
  8 wights
  4 howler monkeys
  3 centaur zombies
  2 orc priests
  2 jellies (D:5)
  A bullfrog skeleton (D:7)
  A gnoll shaman (D:7)
  A centaur skeleton (D:6)
  3 hounds
  A scorpion zombie (D:5)
  Ijyb (D:3)
  Natasha (twice) (D:2)
  3 iguanas
  7 orc wizards
  A merfolk siren (Sewer)
  A merfolk avatar (Sewer)
  9 gnolls
  3 river rats (Sewer)
  6 adders
  A shadow imp (D:6)
  A white imp (D:7)
  A dart slug (D:1)
  29 orcs
  3 endoplasms
  4 giant cockroaches
  9 goblins
  4 hobgoblins
  7 jackals
  6 quokkas
  16 ball pythons
  9 bats
  10 frilled lizards
  7 kobolds
  28 rats
326 creatures vanquished.

Vanquished Creatures (collateral kills)
  Menkaure (D:4)
  4 gnolls (D:4)
5 creatures vanquished.

Vanquished Creatures (others)
  A centaur (D:9)
  58 fungi
  66 plants
125 creatures vanquished.

Grand Total: 456 creatures vanquished

Notes
Turn   | Place    | Note
-------+----------+-------------------------------------------
     0 | D:1      | miscthings the Gnoll Artificer began the quest for the Orb.
     0 | D:1      | Reached XP level 1. HP: 17/17 MP: 1/1
   454 | D:1      | Reached XP level 2. HP: 23/23 MP: 2/2
  1021 | D:1      | Reached XP level 3. HP: 24/28 MP: 1/3
  1520 | D:2      | Noticed Robin
  1529 | D:2      | Reached skill level 1 in Invocations
  1628 | D:2      | Noticed Natasha
  1637 | D:2      | Killed Natasha
  1638 | D:2      | Reached skill level 1 in Short Blades
  1638 | D:2      | Reached skill level 1 in Long Blades
  1638 | D:2      | Reached skill level 1 in Axes
  1638 | D:2      | Reached skill level 1 in Maces & Flails
  1638 | D:2      | Reached skill level 1 in Polearms
  1638 | D:2      | Reached skill level 1 in Staves
  1638 | D:2      | Reached skill level 1 in Slings
  1638 | D:2      | Reached skill level 1 in Bows
  1638 | D:2      | Reached skill level 1 in Crossbows
  1638 | D:2      | Reached skill level 1 in Throwing
  1638 | D:2      | Reached skill level 1 in Shields
  1638 | D:2      | Reached skill level 1 in Unarmed Combat
  1638 | D:2      | Reached skill level 1 in Spellcasting
  1638 | D:2      | Reached XP level 4. HP: 19/34 MP: 2/5
  2067 | D:2      | Noticed Natasha
  2081 | D:2      | Killed Natasha
  2082 | D:2      | Reached skill level 1 in Conjurations
  2082 | D:2      | Reached skill level 1 in Hexes
  2082 | D:2      | Reached skill level 1 in Summonings
  2082 | D:2      | Reached skill level 1 in Necromancy
  2082 | D:2      | Reached skill level 1 in Translocations
  2082 | D:2      | Reached skill level 1 in Transmutations
  2082 | D:2      | Reached skill level 1 in Fire Magic
  2082 | D:2      | Reached skill level 1 in Ice Magic
  2082 | D:2      | Reached skill level 1 in Air Magic
  2082 | D:2      | Reached skill level 1 in Earth Magic
  2082 | D:2      | Reached skill level 1 in Poison Magic
  2175 | D:2      | Reached XP level 5. HP: 30/40 MP: 6/6
  2241 | D:2      | You fall into a shaft and drop 1 floor!
  2241 | D:3      | Found a white marble altar of Elyvilon.
  2291 | D:3      | Noticed Ijyb
  2316 | D:3      | Killed Ijyb
  2606 | D:3      | Found a glowing drain.
  2647 | Sewer    | Entered a sewer
  2764 | Sewer    | Reached XP level 6. HP: 40/47 MP: 6/8
  3158 | D:3      | Reached skill level 5 in Armour
  3201 | D:3      | Found a faded altar of an unknown god.
  3203 | D:3      | Noticed a great orb of eyes
  3203 | D:3      | Noticed a shining eye
  3204 | D:3      | Noticed an eye of devastation
  3204 | D:3      | Noticed a shining eye
  3798 | D:4      | Reached XP level 7. HP: 48/52 MP: 8/10
  3801 | D:4      | Noticed Menkaure
  3806 | D:4      | Killed Menkaure
  3807 | D:4      | Reached skill level 7 in Evocations
  4341 | D:5      | Entered Level 5 of the Dungeon
  4373 | D:5      | Reached XP level 8. HP: 40/60 MP: 7/12
  4404 | D:5      | Found a staircase to the Ecumenical Temple.
  4413 | Temple   | Entered the Ecumenical Temple
  4529 | Temple   | Became a worshipper of Warmaster Okawaru
  4605 | D:5      | Found Deired's Magic Scroll Shop.
  4610 | D:5      | Bought a scroll of blinking for 105 gold pieces
  4627 | D:5      | Noticed a two-headed ogre
  4691 | D:5      | Killed a two-headed ogre
  4691 | D:5      | Reached * piety under Okawaru
  4722 | D:5      | Reached XP level 9. HP: 26/66 MP: 10/14
  5020 | D:5      | Found a sparkling altar of Nemelex Xobeh.
  5424 | D:6      | Reached skill level 5 in Fighting
  5424 | D:6      | Reached skill level 5 in Dodging
  5819 | D:6      | Reached skill level 5 in Stealth
  5835 | D:6      | Reached ** piety under Okawaru
  5908 | D:6      | Reached skill level 8 in Evocations
  5973 | D:7      | Noticed Pikel
  6070 | D:6      | Killed Pikel
  6071 | D:6      | Reached skill level 5 in Invocations
  6160 | D:7      | Reached XP level 10. HP: 71/74 MP: 17/17
  6308 | D:7      | Reached skill level 5 in Short Blades
  6308 | D:7      | Reached skill level 5 in Long Blades
  6308 | D:7      | Reached skill level 5 in Axes
  6308 | D:7      | Reached skill level 5 in Maces & Flails
  6308 | D:7      | Reached skill level 5 in Polearms
  6308 | D:7      | Reached skill level 5 in Staves
  6308 | D:7      | Reached skill level 5 in Slings
  6308 | D:7      | Reached skill level 5 in Bows
  6308 | D:7      | Reached skill level 5 in Crossbows
  6308 | D:7      | Reached skill level 5 in Throwing
  6308 | D:7      | Reached skill level 5 in Shields
  6308 | D:7      | Reached skill level 5 in Unarmed Combat
  6308 | D:7      | Reached skill level 5 in Spellcasting
  6545 | D:7      | Found a blossoming altar of Fedhas.
  6790 | D:7      | Found a bloodstained altar of Trog.
  6790 | D:7      | Found a radiant altar of Vehumet.
  6839 | D:7      | Found a burning altar of Makhleb.
  6914 | D:7      | Identified the +5 whip "Ereixokki" {vorpal, Int+6}
  6961 | D:7      | Learned a level 3 spell: Ozocubu's Armour
  7116 | D:8      | Reached *** piety under Okawaru
  7153 | D:8      | Noticed Grum
  7531 | D:8      | Noticed a two-headed ogre
  7560 | D:8      | Killed a two-headed ogre
  7560 | D:8      | Received a gift from Okawaru
  7990 | D:8      | Received a gift from Okawaru
  7998 | D:8      | Reached **** piety under Okawaru
  8216 | D:8      | Killed Grum
  8242 | D:8      | Learned a level 4 spell: Cause Fear
  8492 | D:9      | Found a sacrificial altar of Ru.
  8524 | D:9      | Found a large runed translucent door.
  8524 | D:9      | Found a large runed translucent door.
  8531 | D:9      | Found a large runed translucent door.
  8531 | D:9      | Found a large runed translucent door.
  9309 | D:9      | Found a staircase to the Lair.
  9333 | D:9      | Reached XP level 11. HP: 76/83 MP: 15/19
  9346 | D:9      | Received a gift from Okawaru
  9392 | D:9      | Found a hazy altar of Hepliaklqana.
  9451 | D:9      | Reached skill level 9 in Evocations
  9598 | D:9      | Reached skill level 5 in Conjurations
  9598 | D:9      | Reached skill level 5 in Hexes
  9598 | D:9      | Reached skill level 5 in Summonings
  9598 | D:9      | Reached skill level 5 in Necromancy
  9598 | D:9      | Reached skill level 5 in Translocations
  9598 | D:9      | Reached skill level 5 in Transmutations
  9598 | D:9      | Reached skill level 5 in Fire Magic
  9598 | D:9      | Reached skill level 5 in Ice Magic
  9598 | D:9      | Reached skill level 5 in Air Magic
  9598 | D:9      | Reached skill level 5 in Earth Magic
  9598 | D:9      | Reached skill level 5 in Poison Magic
 10008 | D:9      | Noticed a cyclops
 10052 | D:9      | Noticed a centaur warrior
 10090 | D:9      | Killed a centaur warrior
 10420 | D:9      | Noticed a centaur warrior
 10466 | D:9      | Killed a centaur warrior
 10930 | D:9      | Killed a cyclops
 10930 | D:9      | Reached ***** piety under Okawaru
 10937 | D:9      | Received a gift from Okawaru
 10943 | D:9      | Identified the +4 ring mail of Diroam {SInv}
 11150 | Lair:1   | Entered Level 1 of the Lair of Beasts
 11151 | Lair:1   | Noticed Urug
 11167 | Lair:1   | Noticed Urug
 11167 | Lair:1   | Urug changed into Urug the redback
 11174 | Lair:1   | Killed Urug the redback
 11187 | Lair:1   | Gained mutation: You are robust. (+10% HP) [potion of
                  | mutation]
 11187 | Lair:1   | Gained mutation: You are covered in fur. (AC +1) [potion of
                  | mutation]
 11187 | Lair:1   | Gained mutation: You have sharp toenails. [potion of
                  | mutation]
 11855 | Lair:1   | Identified the +9 broad axe of Woe {antimagic, Str+2}
                  | (Okawaru gifted it to you on level 1 of the Lair of Beasts)
 11855 | Lair:1   | Received a gift from Okawaru
 12348 | Lair:2   | Reached XP level 12. HP: 100/100 MP: 22/22
 12743 | Lair:2   | Noticed a six-headed hydra
 12743 | Lair:2   | Noticed a seven-headed hydra
 14118 | Lair:2   | Reached skill level 10 in Evocations
 14253 | Lair:2   | Killed a seven-headed hydra
 14253 | Lair:2   | Reached ****** piety under Okawaru
 14253 | Lair:2   | Received a gift from Okawaru
 14405 | Lair:2   | Noticed a five-headed hydra
 14431 | Lair:2   | Killed a five-headed hydra
 14431 | Lair:2   | Received a gift from Okawaru
 14748 | Lair:2   | Killed a six-headed hydra
 14779 | Lair:3   | Found a staircase to the Snake Pit.
 14823 | Lair:3   | Noticed Nergalle
 14878 | Lair:2   | HP: 2/90 [spectral orc knight[Nergalle] (19)]
 14878 | Lair:2   | Slain by a spectral orc knight

Illustrated notes

Levels and vault maps discovered:
D:1:      dpeg_arrival_rooms_a, layout_loops_corners, minmay_heptomino_o4
D:2:      layout_loops_ring, uniq_natasha, uniq_robin
D:3:      layout_basic, nicolae_elyvilon_peaceful_grove,
          hellmonk_ecumenical_altar_watching_god, portal_sewer_entry_a,
          uniq_ijyb
D:4:      layout_basic, nicolae_zen_rock_garden, uniq_menkaure
D:5:      layout_rooms, nemelex_xobeh_ov_fountains_minmay,
          minmay_temple_entry_antechambers, serial_shops, kennysheep_little_box
D:6:      layout_rooms, hangedman_abyss_or_decor_jellyfish_corner
D:7:      layout_rooms, mainiacjoe_overflow_cross_hatched, bloody_makhleb,
          gammafunk_temple_overflow_elements, the_hattery, uniq_pikel
D:8:      layout_cave_pools, uniq_grum
D:9:      layout_basic, nicolae_hepliaklqana_hazy_memory,
          mainiacjoe_overflow_paths, due_lair_maze_entry_diamond,
          minmay_hollow_rounded_squares
Temple:   minmay_temple_curvy_branch
Lair:1:   layout_cave_pods, nicolae_lair_lil_pond, uniq_urug
Lair:2:   layout_chaotic_city, grunt_megastairs_3
Lair:3:   layout_cave_pods, minmay_snake_entry_guardpost_small, uniq_nergalle

Skill      XL: |  1  2  3  4  5  6  7  8  9 10 11 12 |
---------------+-------------------------------------+-----
Invocations    | 1 2 3 4 5 6 7 8 |  8.4
Short Blades   | 1 2 3 4 5 6 7 |  7.7
Long Blades    | 1 2 3 4 5 6 7 |  7.7
Axes           | 1 2 3 4 5 6 7 |  7.7
Maces & Flails | 1 2 3 4 5 6 7 |  7.7
Polearms       | 1 2 3 4 5 6 7 |  7.7
Staves         | 1 2 3 4 5 6 7 |  7.7
Slings         | 1 2 3 4 5 6 7 |  7.7
Bows           | 1 2 3 4 5 6 7 |  7.7
Crossbows      | 1 2 3 4 5 6 7 |  7.7
Throwing       | 1 2 3 4 5 6 7 |  7.7
Shields        | 1 2 3 4 5 6 7 |  7.7
Unarmed Combat | 1 2 3 4 5 6 7 |  7.7
Spellcasting   | 1 2 3 4 5 6 7 |  7.7
Conjurations   | 1 2 3 4 5 6 |  6.4
Hexes          | 1 2 3 4 5 6 |  6.4
Summonings     | 1 2 3 4 5 6 |  6.4
Necromancy     | 1 2 3 4 5 6 |  6.4
Translocations | 1 2 3 4 5 6 |  6.4
Transmutations | 1 2 3 4 5 6 |  6.4
Fire Magic     | 1 2 3 4 5 6 |  6.4
Ice Magic      | 1 2 3 4 5 6 |  6.4
Air Magic      | 1 2 3 4 5 6 |  6.4
Earth Magic    | 1 2 3 4 5 6 |  6.4
Poison Magic   | 1 2 3 4 5 6 |  6.4
Fighting       | 3 4 5 6 7 8 |  8.2
Dodging        | 3 4 5 6 7 8 |  8.2
Stealth        | 3 4 5 6 7 8 |  8.1
Armour         | 5 6 7 8 9 |  9.1
Evocations     | 7 8 9 10 | 10.2

Action                   |  1- 3 |  4- 6 |  7- 9 | 10-12 || total
-------------------------+-------+-------+-------+-------++-------
Melee: Club              |    21 |       |       |       ||    21
       Dagger            |   103 |   236 |   368 |  1089 ||  1796
       Bite              |     8 |    20 |    42 |   200 ||   270
       Punch             |       |     3 |     1 |       ||     4
       Flail             |       |       |    10 |    50 ||    60
       Whip              |       |       |       |   258 ||   258
Throw: Dart              |     8 |    11 |     1 |       ||    20
 Cast: Ozocubu's Armour  |       |       |       |    49 ||    49
Evoke: Wand              |     1 |     2 |     7 |    17 ||    27
       Piece from Xom's  |       |       |    21 |     9 ||    30
  Use: Scroll            |       |       |     7 |    12 ||    19
       Potion            |       |       |     2 |     6 ||     8
 Stab: Sleeping          |     1 |     1 |       |     3 ||     5
       Petrified         |       |       |     5 |     6 ||    11
       Petrifying        |       |       |     1 |       ||     1
       Confused          |       |       |       |     2 ||     2
       Invisible         |       |       |       |     2 ||     2
Armor: Leather armour    |    27 |    14 |       |       ||    41
       Skin              |       |     4 |       |       ||     4
       Chain mail        |       |    94 |   211 |    56 ||   361
       Steam dragon scal |       |       |       |   206 ||   206
       Robe              |       |       |       |    45 ||    45
       Ring mail         |       |       |       |   210 ||   210
Dodge: Dodged            |    99 |    87 |   112 |   588 ||   886
Block: Buckler           |       |       |   109 |   420 ||   529

Table legend: (Time is in decaauts)
 A = Elapsed time spent in this place.
 B = Non-inter-level travel time spent in this place.
 C = Inter-level travel time spent in this place.
 D = Time resting spent in this place.
 E = Time spent auto-exploring this place.
 F = Levels seen in this place.
 G = Mean time per level.
                   A        B        C        D        E       F      G
               +--------+--------+--------+--------+--------+-----+--------+
         Total |  14416 |  14005 |    411 |   5008 |   5062 |  14 | 1029.7 |
       Dungeon |  10335 |  10095 |    240 |   3511 |   3838 |   9 | 1148.3 |
        Temple |    138 |     83 |     55 |      0 |     80 |   1 |  138.0 |
          Lair |   3451 |   3337 |    114 |   1320 |   1068 |   3 | 1150.3 |
         Sewer |    490 |    490 |      0 |    177 |     75 |   1 |  490.0 |
               +--------+--------+--------+--------+--------+-----+--------+

Top non-repeatable levels by time:
     D:9: 2212 daAuts
  Lair:2: 1836 daAuts
     D:1: 1611 daAuts
  Lair:1: 1597 daAuts
     D:8: 1511 daAuts
     D:7: 1191 daAuts
     D:4: 821 daAuts
     D:6: 818 daAuts
     D:3: 791 daAuts
     D:5: 741 daAuts
     D:2: 636 daAuts
   Sewer: 490 daAuts
  Temple: 138 daAuts
  Lair:3: 17 daAuts
